 Dungeon Crawl Stone Soup version 0.26.0-10-g1f06aea511 (webtiles) character file.

Game seed: 11446541140782775686

903310 Arthanis the Archmage (level 27, -29/152 HPs)
             Began as a Deep Elf Fire Elementalist on Jan 20, 2021.
             Was the Champion of Vehumet.
             Blown up by an ancient lich (95 damage)
             ... with an orb of destruction
             ... on level 19 of a ziggurat.
             The game lasted 03:16:54 (49384 turns).

Arthanis the Archmage (Deep Elf Fire Elementalist) Turns: 49384, Time: 03:16:55

Health: -29/152    AC: 12    Str: 14    XL:     27
Magic:  74/74      EV: 35    Int: 40    God:    Vehumet [******]
Gold:   3541       SH: 16    Dex: 30    Spells: 4/80 levels left

rFire    + + +     SeeInvis +   R - staff of fire
rCold    + + .     Faith    .   k - +3 buckler
rNeg     + . .     Spirit   .   X - +2 robe "Qoenufoj" {Int+4}
rPois    .         Reflect  .   f - +3 crown of Dyrovepreva {rElec Int+2 SInv}
rElec    +         Harm     .   i - +0 cloak "Suecs" {rC++}
rCorr    .         Rampage  .   p - +2 pair of gloves {Str+3}
Will     ++...                  m - +0 pair of boots of Fashionability {Dex+6}
Stlth    ++++++....             B - amulet "Wuiptisidd" {RegenMP rN+ Str-2 Dex+9 Slay-6}
HPRegen  0.35/turn              T - ring of Jofruf {rElec rF++ MP+9 Str+6 Stlth+}
MPRegen  0.69/turn              y - ring of magical power

@: no status effects
A: large bone plates 1, camouflage 1, fire resistance 1, strong 1
}: 3/15 runes: decaying, slimy, gossamer
a: Renounce Religion


You were on level 19 of a ziggurat.
You worshipped Vehumet.
Vehumet was exalted by your worship.
You visited 9 branches of the dungeon, and saw 49 of its levels.
You visited 1 bazaar.
You visited 2 ziggurats (completing 1), and saw 46 of their levels.
You also visited: Sewer, Bailey and Gauntlet.

You collected 7919 gold pieces.
You spent 4378 gold pieces at shops.

Inventory:

Armour
 f - the +3 crown of Dyrovepreva (worn) {rElec Int+2 SInv}
   (You found it on level 15 of a ziggurat)

   It affects your intelligence (+2).
   It insulates you from electricity.
   It lets you see invisible.
 i - the +0 cloak "Suecs" (worn) {rC++}
   (You found it in a Gauntlet)

   It greatly protects you from cold.
 k - a +3 buckler (worn)
 m - the +0 pair of boots of Fashionability (worn) {Dex+6}
   (You found it on level 16 of a ziggurat)

   It affects your dexterity (+6).
 p - a +2 pair of gloves of strength (worn)
 F - the +0 pair of boots of Taoxtyb {rN++}
   (You found it on level 23 of a ziggurat)

   It greatly protects you from negative energy.
 X - the +2 robe "Qoenufoj" (worn) {Int+4}
   (You bought it in a shop on level 10 of the Dungeon)

   It affects your intelligence (+4).
Magical Staves
 R - an uncursed staff of fire (weapon)
Jewellery
 a - the amulet "Corhidis" {RegenMP +Blink rPois}
   (You found it on level 27 of a ziggurat)

   [amulet of magic regeneration]

   It increases your magic regeneration.
   It protects you from poison.
   It lets you blink.
 r - an uncursed ring of poison resistance {unknown}
 u - an uncursed ring of fire {unknown}
 y - a ring of magical power (right hand)
 z - the ring "Omyxzin" {*Corrode rElec rC+ Str+4 SInv}
   (You took it off a deep elf demonologist on level 3 of the Elven Halls)

   [ring of see invisible]

   It affects your strength (+4).
   It protects you from cold.
   It insulates you from electricity.
   It lets you see invisible.
   It may corrode you when you take damage.
 B - the amulet "Wuiptisidd" (around neck) {RegenMP rN+ Str-2 Dex+9 Slay-6}
   (You found it on level 5 of a ziggurat)

   [amulet of magic regeneration]

   It increases your magic regeneration.
   It affects your strength (-2).
   It affects your dexterity (+9).
   It affects your accuracy and damage with ranged weapons and melee attacks
   (-6).
   It protects you from negative energy.
 L - an uncursed ring of protection from cold {unknown}
 S - the amulet of Vitality {Regen+ HP+15}
   (You found it on level 9 of a ziggurat)

   [amulet of regeneration]

   It affects your health (+15).
   It increases your rate of regeneration.
 T - the ring of Jofruf (left hand) {rElec rF++ MP+9 Str+6 Stlth+}
   (You found it on level 9 of the Dungeon)

   [ring of strength]

   It affects your strength (+6).
   It greatly protects you from fire.
   It insulates you from electricity.
   It affects your magic capacity (+9).
   It makes you more stealthy.
Wands
 l - a wand of iceblast (63)
 A - a wand of disintegration (20)
 H - a wand of acid (16)
 J - a wand of digging (24)
 N - a wand of flame (13)
 P - a wand of polymorph (6)
Scrolls
 b - 31 scrolls of fog
 c - 8 scrolls of holy word
 d - 36 scrolls of teleportation
 j - 2 scrolls of identify
 n - 3 scrolls of enchant armour
 o - 52 scrolls of remove curse
 v - 15 scrolls of blinking
 w - 10 scrolls of magic mapping
 D - a scroll of summoning
 G - 4 scrolls of fear
 I - 15 scrolls of amnesia
 M - 11 scrolls of immolation
 Y - 3 scrolls of silence
 Z - 6 scrolls of enchant weapon
Potions
 e - 23 potions of curing
 g - 11 potions of flight
 h - 7 potions of haste
 q - 8 potions of ambrosia
 t - 7 potions of lignification
 C - 18 potions of heal wounds
 E - 2 potions of brilliance
 K - 6 potions of might
 O - 4 potions of cancellation
 U - 4 potions of invisibility
 V - 8 potions of magic
 W - 32 potions of mutation
Miscellaneous
 s - a condenser vane
 x - a tin of tremorstones (2/2)
 Q - a box of beasts


   Skills:
 - Level 10.0 Fighting
 - Level 2.0 Armour
 - Level 21.0 Dodging
 - Level 6.0 Stealth
 - Level 12.4 Shields
 O Level 27 Spellcasting
 + Level 23.0 Conjurations
 - Level 22.0 Necromancy
 - Level 12.0 Transmutations
 O Level 27 Fire Magic
 - Level 20.0 Ice Magic
 - Level 20.0 Air Magic
 - Level 20.0 Earth Magic
 - Level 18.0 Evocations


You had 4 spell levels left.
You knew the following spells:

 Your Spells              Type           Power        Failure   Level
a - Death's Door          Necr           62%          3%          9
b - Fire Storm            Conj/Fire      77%          1%          9
c - Sublimation of Blood  Necr           62%          0%          2
d - Absolute Zero         Ice            60%          2%          9
e - Shatter               Erth           60%          2%          9
f - Iskenderun's Mystic   Conj/Tloc      98%          1%          4
g - Blink                 Tloc           N/A          1%          2
h - Tornado               Air            60%          2%          9
j - Necromutation         Tmut/Necr      56%          1%          8
k - Ignition              Fire           79%          1%          8
l - Orb of Destruction    Conj           63%          0%          7

Your spell library contained the following spells:

 Spells                   Type           Power        Failure   Level
 Animate Skeleton         Necr           100%         0%          1
 Beastly Appendage        Tmut           100%         0%          1
 Foxfire                  Conj/Fire      100%         0%          1
 Freeze                   Ice            100%         0%          1
 Magic Dart               Conj           100%         0%          1
 Pain                     Necr           100%         0%          1
 Sandblast                Erth           100%         0%          1
 Shock                    Conj/Air       100%         0%          1
 Corpse Rot               Necr/Air       N/A          0%          2
 Ensorcelled Hibernation  Hex/Ice        100%         0%          2
 Passwall                 Tmut/Erth      91%          0%          2
 Poisonous Vapours        Pois/Air       100%         0%          2
 Searing Ray              Conj           100%         0%          2
 Swiftness                Air            100%         0%          2
 Wereblood                Tmut           100%         0%          2
 Conjure Flame            Conj/Fire      100%         0%          3
 Dazzling Flash           Conj/Hex       100%         0%          3
 Frozen Ramparts          Ice            100%         0%          3
 Ignite Poison            Fire/Tmut/Pois 100%         0%          3
 Inner Flame              Hex/Fire       100%         0%          3
 Mephitic Cloud           Conj/Pois/Air  100%         0%          3
 Ozocubu's Armour         Ice            100%         0%          3
 Static Discharge         Conj/Air       100%         0%          3
 Stone Arrow              Conj/Erth      100%         0%          3
 Vampiric Draining        Necr           62%          0%          3
 Airstrike                Air            60%          0%          4
 Animate Dead             Necr           62%          0%          4
 Dispel Undead            Necr           100%         0%          4
 Hailstorm                Conj/Ice       100%         0%          4
 Ice Form                 Ice/Tmut       100%         0%          4
 Petrify                  Tmut/Erth      100%         0%          4
 Sticky Flame             Conj/Fire      100%         0%          4
 Apportation              Tloc           100%         1%          1
 Corona                   Hex            57%          1%          1
 Sting                    Tmut/Pois      100%         1%          1
 Summon Small Mammal      Summ           100%         1%          1
 Call Imp                 Summ           52%          1%          2
 Slow                     Hex            52%          1%          2
 Call Canine Familiar     Summ           52%          1%          3
 Confusing Touch          Hex            52%          1%          3
 Gell's Gravitas          Tloc           26%          1%          3
 Lesser Beckoning         Tloc           26%          1%          3
 Portal Projectile        Hex/Tloc       100%         1%          3
 Spider Form              Tmut/Pois      40%          1%          3
 Summon Guardian Golem    Hex/Summ       52%          1%          3
 Teleport Other           Tloc           52%          1%          3
 Tukima's Dance           Hex            52%          1%          3
 Fulminant Prism          Conj/Hex       49%          1%          4
 Leda's Liquefaction      Hex/Erth       46%          1%          4
 Olgreb's Toxic Radiance  Pois           52%          1%          4
 Summon Ice Beast         Ice/Summ       93%          1%          4
 Summon Lightning Spire   Summ/Air       93%          1%          4
 Cause Fear               Hex            26%          3%          4
 Passage of Golubria      Tloc           N/A          3%          4
 Agony                    Necr           100%         0%          5
 Bolt of Magma            Conj/Fire/Erth 75%          0%          5
 Borgnjor's Vile Clutch   Necr/Erth      61%          0%          5
 Excruciating Wounds      Necr           62%          0%          5
 Fireball                 Conj/Fire      77%          0%          5
 Irradiate                Conj/Tmut      57%          0%          5
 Iskenderun's Battlesphe  Conj           100%         0%          5
 Lee's Rapid Deconstruct  Erth           60%          0%          5
 Lightning Bolt           Conj/Air       61%          0%          5
 Conjure Ball Lightning   Conj/Air       61%          0%          6
 Death Channel            Necr           62%          0%          6
 Freezing Cloud           Conj/Ice/Air   61%          0%          6
 Iron Shot                Conj/Erth      61%          0%          6
 Ozocubu's Refrigeration  Ice            60%          0%          6
 Simulacrum               Ice/Necr       61%          0%          6
 Starburst                Conj/Fire      77%          0%          6
 Alistair's Intoxication  Tmut/Pois      53%          1%          5
 Blade Hands              Tmut           50%          1%          5
 Metabolic Englaciation   Hex/Ice        46%          1%          5
 Silence                  Hex/Air        46%          1%          5
 Yara's Violent Unravell  Hex/Tmut       40%          1%          5
 Eringya's Noxious Bog    Tmut/Pois      40%          1%          6
 Hydra Form               Tmut           50%          1%          6
 Statue Form              Tmut/Erth      73%          1%          6
 Dragon Form              Tmut           50%          1%          7
 Spellforged Servitor     Conj/Summ      49%          1%          7
 Borgnjor's Revivificati  Necr           62%          1%          8
 Chain Lightning          Conj/Air       61%          1%          8
 Infestation              Necr           62%          1%          8
 Lehudib's Crystal Spear  Conj/Erth      61%          1%          8
 Haunt                    Necr/Summ      48%          2%          7
 Summon Forest            Summ/Tloc      26%          9%          5
 Summon Mana Viper        Hex/Summ       52%          9%          5
 Dispersal                Tloc           26%          43%         6
 Invisibility             Hex            52%          43%         6
 Shadow Creatures         Summ           N/A          43%         6
 Malign Gateway           Summ/Tloc      26%          95%         7
 Monstrous Menagerie      Summ           26%          95%         7
 Summon Greater Demon     Summ           26%          95%         7
 Summon Hydra             Summ           26%          95%         7
 Discord                  Hex            26%          100%        8
 Disjunction              Tloc           26%          100%        8
 Summon Horrible Things   Summ           26%          100%        8


Dungeon Overview and Level Annotations

Branches:
Dungeon (15/15)            Temple (0/1) D:5            Lair (6/6) D:9
  Swamp (4/4) Lair:4       Spider (4/4) Lair:2        Slime (5/5) Lair:6
    Orc (2/2) D:9             Elf (3/3) Orc:2        Vaults (5/5) D:13
 Depths (5/5) D:15            Zot (0/5) Depths:5      Sewer (visited)
 Bailey (visited)         Gauntlet (visited)
  Crypt: Vaults:2-3

Altars:
Dithmenos
Fedhas
Gozag
Hepliaklqana
Kikubaaqudgha
Makhleb
Okawaru
Qazlal
Ru
Sif Muna
Trog
Uskayaw
Vehumet
Xom
Beogh

Shops:
D:4 *   D:10 ![   Orc:2 (([(   Elf:3 }[?:   Vaults:4 (   Depths:1 [
Depths:2 (   Depths:3 ?

Portals:
Hell: Depths:1 Depths:5
Abyss: Depths:1 Depths:2 Depths:3 Depths:4 Depths:5
Pandemonium: Depths:4

Annotations:
D:9 3 runed translucent doors, askman's ghost, novice DsFi
Lair:1 3 runed translucent doors, emiel's ghost, journeyman TrWn
Spider:2 2 transporters, exclusion: ice statue, Arachne; Cumifues's ghost, journeyman MiMo; Nuqinleag's ghost, adept GrEE
Elf:2 6 runed translucent doors, exclusion: obsidian statue, Vatovie's ghost, journeyman MiBe


Innate Abilities, Weirdness & Mutations

You are partially covered in large bone plates. (SH +4)
Your skin changes colour to match your surroundings (Stealth+).
Your flesh is heat resistant. (rF+)
Your muscles are strong. (Str +2)


Message History

You feel your power returning.
The great blast of fire engulfs the yaktaur captain!!!
You kill the yaktaur captain!
Vehumet accepts your kill.
You feel your power returning.
The great blast of fire engulfs the stone giant!!!!
You kill the stone giant!
Vehumet accepts your kill.
The great blast of fire engulfs the ironheart preserver!!!!
The ironheart preserver is almost dead.
Your fire vortex misses something.
Your fire vortex hits the ironheart preserver.
Your fire vortex burns the ironheart preserver!
The ironheart preserver dies!
Vehumet accepts your kill.
Your fire vortex dissipates!
An ancient lich comes into view.
A titan comes into view.
The orb of destruction hits you!!!!
Ouch! That really hurt!
You die...

▓▓...≈≈≈.............≈≈≈
▓.......................
......................C.
.................v.○○v○°
...................v°v)v
...................v☼°☼°
..................v☼vv☼L
.∩..............@○○vvv☼○
...................○v°☼°
.................v.vv☼○C
..................○°.°)H
...................v.°.†
...................v....
▓.......................
▓▓...≈≈≈.............≈≈≈


You could see a titan, an ancient lich, a sphinx, an ettin and 18 friendly fire
vortices.

Vanquished Creatures
  the Royal Jelly (Slime:5)
  18 pandemonium lords
  9 ancient liches
  Mennas (Vaults:4)
  17 Killer Klowns
  26 royal mummies
  Saint Roka (Depths:4)
  13 caustic shrikes
  10 golden dragons
  5 bone dragons
  2 profane servitors
  2 Tzitzimimeh
  10 hellephants
  A Brimstone Fiend (Zig:5)
  6 iron giants
  Jorgrun (Spider:1)
  6 Hell Sentinels
  Rupert (Lair:5)
  10 tentacled monstrosities
  3 Ice Fiends
  7 liches
  Asterion (Elf:3)
  4 quicksilver dragons (Zig:22)
  10 titans
  7 deep elf blademasters
  A quicksilver dragon (shapeshifter) (Zig:24)
  26 acid blobs
  7 deep elf master archers
  An Executioner (Zig:17)
  13 ancient champions
  Agnes (Spider:1)
  Gastronok (Lair:3)
  9 shadow dragons
  4 storm dragons
  4 sphinxes
  4 tengu reavers
  Kirke (D:11)
  A sphinx (shapeshifter) (Zig:6)
  A shadow dragon (shapeshifter) (Zig:6)
  A thorn hunter (Swamp:4)
  Donald (Vaults:4)
  An azure jelly (shapeshifter) (Zig:10)
  A fenstrider witch (Zig:23)
  A draconian monk (Zig:11)
  A fire giant (shapeshifter) (Zig:10)
  8 revenants
  6 deep elf sorcerers
  2 corrupters (Zig:17)
  21 nagarajas
  7 frost giants
  12 vault wardens
  Louise (D:14)
  9 fire giants
  A caustic shrike zombie (Zig:26)
  3 draconian knights
  5 curse skulls
  3 balrugs
  3 warmongers
  15 azure jellies
  2 orc warlords
  5 iron dragons
  13 emperor scorpions
  Aizul (Spider:2)
  16 ghost moths
  A draconian shifter (Zig:11)
  2 ghouls (Zig:18)
  2 deep elf elementalists
  6 draconian stormcallers
  20 very ugly things
  3 cacodemons
  A draconian annihilator (Zig:11)
  A juggernaut zombie (Zig:11)
  11 reapers
  A juggernaut skeleton (Zig:26)
  A war gargoyle (Zig:20)
  32 stone giants
  An apis (Zig:1)
  8 ironheart preservers
  16 vampire knights
  4 bennus
  A blood saint (Zig:17)
  2 green draconians
  19 deep elf demonologists
  3 black suns
  5 red draconians
  A white draconian (Zig:11)
  6 entropy weavers
  19 deep elf annihilators
  11 dire elephants
  Azrael (D:12)
  2 black draconians (Zig:11)
  2 lorocyprocas
  15 merfolk javelineers
  A spark wasp (shapeshifter) (Zig:24)
  3 bunyips
  2 spark wasps
  2 green deaths (Zig:17)
  A minotaur (Gauntlet)
  10 ettins
  6 crystal guardians
  9 deep elf death magi
  Snorg (Lair:3)
  8 eidola
  4 blizzard demons
  8 death oozes
  9 merfolk impalers
  31 mummy priests
  A quicksilver dragon zombie (Zig:11)
  12 yaktaur captains
  Josephine (D:12)
  A shambling mangrove (Swamp:1)
  4 eleionomae
  4 jiangshi
  6 fire dragons
  19 deep elf high priests
  Fannar (D:12)
  8 great orbs of eyes
  6 rakshasas
  25 vault guards
  8 boulder beetles
  55 hydras
  4 naga warriors
  A hell beast (Zig:17)
  15 ice dragons
  5 spriggan air magi
  3 merfolk avatars
  Erica (D:8)
  9 catoblepae
  A monstrous demonspawn (Zig:6)
  4 anacondas
  8 merfolk aquamancers
  An alligator snapping turtle (shapeshifter) (Zig:24)
  4 alligator snapping turtles
  11 centaur warriors
  3 two-headed ogres (shapeshifter)
  6 ogre magi
  An anaconda (shapeshifter) (Zig:15)
  35 dancing weapons
  3 death knights
  An alligator (shapeshifter) (Depths:5)
  11 death yaks
  15 two-headed ogres
  5 satyrs
  3 alligators
  14 death scarabs
  11 deep troll shamans
  19 vampire magi
  3 hell hogs
  A satyr (shapeshifter) (Vaults:4)
  A titan zombie (Zig:26)
  2 spriggan berserkers
  6 naga sharpshooters
  6 orc high priests
  9 spriggans
  8 deep troll earth magi
  4 shock serpents (Zig:14)
  6 soul eaters
  97 slime creatures
  3 storm dragon zombies
  A titan skeleton (Zig:26)
  27 deep elf knights
  8 skeletal warriors
  2 spark wasp zombies (Zig:10)
  2 golden dragon zombies
  6 iron golems
  3 small abominations
  9 death drakes (Zig:22)
  2 salamander mystics
  2 shadow demons (Zig:17)
  A goliath frog (Swamp:1)
  3 glowing orange brains
  7 shadow wraiths
  16 swamp dragons
  A deep troll (shapeshifter) (Vaults:5)
  8 sea snakes
  A sea snake (shapeshifter) (Zig:24)
  An iron troll (Depths:2)
  2 unseen horrors
  A spectral hydra (Gauntlet)
  11 ironbrand convokers
  3 naga ritualists
  33 deep trolls
  4 orange crystal statues
  2 bog bodies (Swamp:2)
  5 golden dragon skeletons
  9 spriggan druids
  5 phantasmal warriors
  An obsidian statue (Zig:5)
  3 wizards
  Pikel (D:9)
  32 deep elf archers
  2 glowing orange brains (shapeshifter)
  5 necromancers
  2 sphinx zombies
  10 flayed ghosts
  A mana viper (shapeshifter) (Zig:19)
  25 harpies
  13 orc knights
  A shadow dragon zombie (Zig:26)
  85 deep elf magi
  An orb spider (shapeshifter) (Zig:16)
  14 ugly things
  4 mana vipers
  A wolf spider (shapeshifter) (Zig:15)
  2 fire giant zombies (Zig:5)
  5 shining eyes
  A shadow dragon skeleton (Zig:26)
  10 orc sorcerers
  41 wolf spiders
  14 fauns
  A sphinx skeleton (Zig:10)
  2 tengu skeletons
  26 orb spiders
  A frost giant zombie (Zig:11)
  A glowing shapeshifter (Zig:24)
  11 cyclopes
  A shining eye (shapeshifter) (Depths:2)
  7 will-o-the-wisps
  An iron dragon skeleton (Zig:5)
  15 manticores
  7 salamanders
  5 moths of wrath
  7 merfolk sirens
  9 elephants
  27 black mambas
  2 rust devils (Zig:11)
  8 water nymphs
  A spriggan zombie (Zig:18)
  3 ice statues
  9 guardian serpents
  6 naga magi
  A water nymph (shapeshifter) (Zig:15)
  14 torpor snails
  14 vault sentinels
  Maurice (D:12)
  Psyche (D:11)
  5 eyes of devastation
  A smoke demon (Zig:17)
  2 fire giant skeletons
  7 apocalypse crabs
  7 gargoyles
  Maggie (D:8)
  A torpor snail (shapeshifter) (Zig:19)
  4 elf zombies
  2 orange demons (Zig:17)
  An eye of devastation (shapeshifter) (Zig:15)
  A cane toad (shapeshifter) (Zig:13)
  15 cane toads
  A spriggan skeleton (Zig:10)
  A yaktaur zombie (Zig:3)
  22 komodo dragons
  12 rime drakes
  An efreet (Zig:17)
  11 freezing wraiths
  5 hellions
  3 ice devils
  14 demonic crawlers
  43 yaktaurs
  9 tormentors
  44 guardian mummies
  2 trolls (shapeshifter)
  A hellwing (Depths:1)
  6 trolls
  4 bloated husks
  4 tengu conjurers
  22 hornets
  26 jumping spiders
  11 polar bears
  2 polar bears (shapeshifter)
  8 wind drakes
  A wind drake (shapeshifter) (Depths:2)
  2 red devils
  11 tyrant leeches
  A wolf spider simulacrum (Vaults:1)
  A tyrant leech (shapeshifter) (Zig:15)
  43 merfolk
  A spectral dream sheep (Gauntlet)
  A slime creature (shapeshifter) (Zig:15)
  6 snapping turtles
  A dream sheep (shapeshifter) (Zig:13)
  29 blink frogs
  5 dream sheep
  3 elf skeletons
  Sigmund (D:6)
  2 redbacks (shapeshifter)
  A tarantella (shapeshifter) (Depths:2)
  80 redbacks
  11 air elementals
  12 flying skulls
  6 wraiths
  36 tarantellas
  A vampire (D:13)
  24 water elementals
  50 yaks
  2 hogs (shapeshifter) (Vaults:4)
  10 wyverns
  8 fire elementals
  A human (shapeshifter) (Zig:24)
  A yak (shapeshifter) (Depths:4)
  13 ushabtiu
  A basilisk (Zig:25)
  A golden eye (shapeshifter) (Vaults:3)
  A human (D:12)
  2 golden eyes (Slime:1)
  5 swamp worm simulacra (Swamp:4)
  5 steam dragons (Zig:22)
  12 vampire mosquitoes
  A spectral cane toad (Gauntlet)
  2 chaos spawn (Zig:24)
  A swamp worm (shapeshifter) (Zig:15)
  A human zombie (Zig:11)
  9 nagas
  A large abomination (Zig:17)
  7 wargs
  Menkaure (D:7)
  8 acid dragons (Zig:22)
  17 swamp worms
  12 hell hounds
  15 hydra simulacra (Swamp:4)
  39 water moccasins
  A water moccasin (shapeshifter) (Zig:24)
  Duvessa (D:7)
  5 swamp drakes
  54 orc warriors
  2 necrophages (D:10)
  A sky beast (D:6)
  5 black bears
  An ice beast (D:10)
  A phantom (D:8)
  A spectral torpor snail (Gauntlet)
  31 ogres
  7 eyes of draining
  5 boggarts
  27 wolves
  A boggart (shapeshifter) (D:15)
  26 centaurs
  26 bullfrogs
  4 big kobolds
  7 earth elementals
  8 gnoll sergeants (Bailey)
  Dowan (D:7)
  2 scorpions
  2 tengu zombies
  A human simulacrum (Vaults:4)
  12 killer bees
  24 wights
  An electric eel (D:9)
  7 howler monkeys
  A crimson imp (Depths:1)
  A bullfrog zombie (D:11)
  12 hounds
  2 quasits
  13 jellies
  41 orc wizards
  31 orc priests
  Crazy Yiuf (D:6)
  A bullfrog skeleton (D:7)
  8 centaur skeletons
  7 gnoll shamans
  4 iron imps
  6 iguanas
  10 worker ants
  7 hell rats
  3 yak simulacra (Lair:2)
  3 polar bear simulacra (Lair:2)
  A killer bee zombie (D:8)
  2 wolf simulacra (Lair:2)
  A hound zombie (D:5)
  2 hound skeletons
  55 mummies
  3 worker ant zombies
  17 gnolls
  9 adders
  2 river rats (Sewer)
  2 shadow imps
  13 white imps
  3 swamp drake simulacra (Swamp:4)
  5 ufetubi
  5 oozes
  3 adder zombies (D:6)
  An adder skeleton (D:4)
  7 worms
  A dart slug (D:1)
  7 leopard geckos
  152 orcs
  4 giant cockroaches
  8 goblins
  11 hobgoblins
  9 jackals
  5 quokkas
  4 ball pythons
  6 bats
  2 frilled lizards (D:1)
  26 kobolds
  14 rats
  3 river rat simulacra (Lair:2)
  2 briar patches (Swamp:4)
  5 crawling corpses
  53 fire vortices
  3 plants (Depths:5)
3463 creatures vanquished.

Vanquished Creatures (collateral kills)
  An ancient lich (Zig:27)
  2 royal mummies (Zig:14)
  A Killer Klown (Zig:24)
  A caustic shrike (Zig:25)
  Xtahua (Vaults:4)
  A pandemonium lord (Zig:24)
  A tentacled monstrosity (Depths:4)
  2 acid blobs
  A storm dragon (Zig:22)
  2 nagarajas
  A revenant (Zig:27)
  2 azure jellies (Slime:5)
  2 ghost moths
  An emperor scorpion (Spider:2)
  An ironheart preserver (Zig:19)
  3 very ugly things
  A juggernaut skeleton (Zig:18)
  A vampire knight (Zig:27)
  A caustic shrike skeleton (Zig:18)
  3 stone giants
  A dire elephant (Zig:17)
  A deep elf annihilator (Zig:21)
  A white draconian (Depths:5)
  A merfolk javelineer (Zig:19)
  A fire dragon (Zig:22)
  A great orb of eyes (Depths:4)
  A hell beast (Zig:17)
  2 boulder beetles
  2 merfolk avatars
  A death scarab (Zig:18)
  Urug (Lair:3)
  A titan skeleton (Zig:26)
  A deep troll (Depths:5)
  A deep elf mage (Zig:13)
  2 slime creatures
  2 ugly things
  A fire giant skeleton (Zig:14)
  An eye of devastation (Slime:3)
  A cane toad (Zig:17)
  2 torpor snails
  An elf zombie (Zig:26)
  2 demonic crawlers
  A guardian mummy (Zig:18)
  A tengu conjurer (Depths:1)
  A jumping spider (Zig:16)
  An ushabti (Zig:14)
  6 redbacks
  A water elemental (Depths:2)
  3 steam dragons (Zig:22)
  A water moccasin (Lair:3)
  A floating eye (Slime:5)
  A boggart (Depths:4)
  A hell rat (Lair:3)
  5 mummies
  A white imp (Zig:10)
  2 orcs
  3 crawling corpses (Zig:16)
  10 foxfires
  A plant (Depths:5)
97 creatures vanquished.

Vanquished Creatures (others)
  A pandemonium lord (Zig:24)
  A merfolk avatar (Zig:19)
  A ghost crab (Swamp:4)
  A black mamba (Zig:14)
  2 humans (D:12)
  A swamp worm (Swamp:4)
  2 blocks of ice
  1242 fire vortices
  2292 foxfires
  57 fungi
  73 plants
3673 creatures vanquished.

Grand Total: 7233 creatures vanquished

Notes
Turn   | Place    | Note
-------+----------+-------------------------------------------
     0 | D:1      | Arthanis the Deep Elf Fire Elementalist began the quest for
                  | the Orb.
     0 | D:1      | Reached XP level 1. HP: 10/10 MP: 6/6
   445 | D:1      | Reached XP level 2. HP: 15/15 MP: 2/8
  1374 | D:2      | Reached XP level 3. HP: 19/19 MP: 3/10
  2387 | D:2      | Reached XP level 4. HP: 24/24 MP: 8/11
  2392 | D:2      | Learned a level 3 spell: Conjure Flame
  2397 | D:2      | Learned a level 4 spell: Sticky Flame
  2489 | D:2      | Found a radiant altar of Vehumet.
  2663 | D:2      | Became a worshipper of Vehumet
  3755 | D:3      | Reached skill level 5 in Fire Magic
  4096 | D:3      | Reached XP level 5. HP: 28/28 MP: 11/13
  4171 | D:3      | Found a blossoming altar of Fedhas.
  4413 | D:4      | Noticed an ogre
  4418 | D:4      | Killed an ogre
  4418 | D:4      | Reached * piety under Vehumet
  4418 | D:4      | Offered knowledge of Shock by Vehumet.
  4419 | D:4      | Reached skill level 5 in Spellcasting
  4419 | D:4      | Reached XP level 6. HP: 32/32 MP: 7/15
  4425 | D:4      | Learned a level 5 spell: Fireball
  4427 | D:4      | Learned a level 1 spell: Shock
  4768 | D:4      | Found Egumaowi's Assorted Antiques.
  4830 | D:4      | Bought a scroll labelled KOSAFU XAMYNG for 27 gold pieces
  4830 | D:4      | Bought a scroll labelled HEODAL YXINT for 27 gold pieces
  4830 | D:4      | Bought a smoky grey potion for 24 gold pieces
  4830 | D:4      | Bought a grey potion for 24 gold pieces
  4943 | D:4      | Found a sacrificial altar of Ru.
  5065 | D:5      | Entered Level 5 of the Dungeon
  5067 | D:5      | Found a staircase to the Ecumenical Temple.
  5234 | D:5      | Found a bloodstained altar of Trog.
  5788 | D:5      | Reached XP level 7. HP: 30/36 MP: 14/17
  6013 | D:6      | Noticed Sigmund
  6432 | D:6      | Found a glowing drain.
  6446 | Sewer    | Entered a sewer
  6451 | Sewer    | Reached ** piety under Vehumet
  6451 | Sewer    | Offered knowledge of Searing Ray by Vehumet.
  6667 | Sewer    | Found a white marble altar of Elyvilon.
  6717 | D:6      | Found a blossoming altar of Fedhas.
  6725 | D:6      | Found a stormy altar of Qazlal.
  6924 | D:6      | Reached skill level 5 in Conjurations
  6924 | D:6      | Reached XP level 8. HP: 41/41 MP: 5/20
  7226 | D:6      | Killed Sigmund
  7581 | D:6      | Found a runed translucent door.
  7582 | D:6      | Noticed Crazy Yiuf
  7587 | D:6      | Killed Crazy Yiuf
  7719 | D:7      | Noticed Dowan
  7721 | D:7      | Noticed Duvessa
  7797 | D:7      | Noticed Menkaure
  7802 | D:7      | Killed Menkaure
  7803 | D:7      | Reached skill level 1 in Evocations
  7813 | D:7      | Reached skill level 1 in Fighting
  7882 | D:7      | Found a flagged portal.
  7885 | D:7      | Offered knowledge of Frozen Ramparts by Vehumet.
  7896 | Bailey   | Entered a bailey
  7956 | Bailey   | Reached *** piety under Vehumet
  8034 | Bailey   | Reached XP level 9. HP: 47/48 MP: 11/22
  8520 | D:7      | Offered knowledge of Iskenderun's Mystic Blast by Vehumet.
  8532 | D:7      | Learned a level 4 spell: Iskenderun's Mystic Blast
  8578 | D:7      | Found a shimmering altar of Xom.
  8593 | D:7      | Killed Dowan
  8715 | D:7      | Found a hide-covered altar of Uskayaw.
  8721 | D:7      | Killed Duvessa
  8852 | D:7      | Got a scintillating bone ring
  9053 | D:8      | Reached **** piety under Vehumet
  9080 | D:8      | Found a hazy altar of Hepliaklqana.
  9137 | D:8      | Noticed Erica
  9143 | D:8      | Killed Erica
  9143 | D:8      | Offered knowledge of Ignite Poison by Vehumet.
  9144 | D:8      | Reached skill level 10 in Fire Magic
  9219 | D:8      | Reached XP level 10. HP: 56/56 MP: 20/24
  9461 | D:8      | Noticed Maggie
  9474 | D:8      | Killed Maggie
  9487 | D:8      | Reached skill level 5 in Dodging
  9652 | D:8      | Found a shimmering altar of Xom.
  9652 | D:8      | Found a shadowy altar of Dithmenos.
  9791 | D:9      | Found a staircase to the Orcish Mines.
  9791 | D:9      | Found a runed translucent gate.
  9791 | D:9      | Found a runed translucent gate.
  9792 | D:9      | Noticed askman's ghost (novice DsFi)
  9795 | D:9      | Reached skill level 1 in Shields
  9853 | D:9      | Found the +7 Singing Sword {vorpal, sonic wave}
 10249 | D:9      | Noticed Pikel
 10255 | D:9      | Killed Pikel
 10309 | D:9      | Found a staircase to the Lair.
 10440 | D:9      | Reached ***** piety under Vehumet
 10440 | D:9      | Offered knowledge of Fulminant Prism by Vehumet.
 10609 | D:9      | Found a burning altar of Makhleb.
 10610 | D:9      | Found a shimmering blue altar of Sif Muna.
 10647 | D:9      | Found a runed translucent gate.
 10741 | D:9      | Got a twitching amber ring
 10996 | D:10     | Entered Level 10 of the Dungeon
 11012 | D:10     | Found Ohuapt's Distillery.
 11018 | D:10     | Bought a potion of invisibility for 120 gold pieces
 11018 | D:10     | Bought a potion of magic for 120 gold pieces
 11018 | D:10     | Bought a potion of degeneration for 15 gold pieces
 11018 | D:10     | Bought a potion of brilliance for 60 gold pieces
 11018 | D:10     | Bought a potion of attraction for 45 gold pieces
 11035 | D:10     | Reached skill level 10 in Spellcasting
 11098 | D:10     | Found Gumaill's Antique Armour Shop.
 11203 | D:10     | Reached XP level 11. HP: 61/61 MP: 18/27
 11898 | D:11     | Noticed a boulder beetle
 11909 | D:11     | Killed a boulder beetle
 12081 | D:11     | Noticed a death knight
 12090 | D:10     | Killed a death knight
 12148 | D:11     | Reached skill level 5 in Evocations
 12191 | D:11     | Learned a level 2 spell: Blink
 12213 | D:11     | Noticed Psyche
 12224 | D:11     | Killed Psyche
 12290 | D:11     | Noticed a cyan ugly thing
 12293 | D:11     | Killed a cyan ugly thing
 12385 | D:11     | Offered knowledge of Irradiate by Vehumet.
 12451 | D:11     | Noticed a two-headed ogre
 12832 | D:11     | Noticed a cyan ugly thing
 12845 | D:11     | Killed a cyan ugly thing
 13136 | D:12     | Noticed Fannar
 13140 | D:12     | Noticed a centaur warrior
 13141 | D:12     | Killed Fannar
 13148 | D:11     | Killed a centaur warrior
 13233 | D:12     | Noticed Kirke
 13240 | D:11     | Killed Kirke
 13241 | D:11     | Reached XP level 12. HP: 16/66 MP: 16/29
 13479 | D:12     | Noticed Azrael
 13793 | Orc:1    | Entered Level 1 of the Orcish Mines
 13793 | Orc:1    | Noticed an orc high priest
 13799 | Orc:1    | Killed an orc high priest
 13835 | Lair:1   | Entered Level 1 of the Lair of Beasts
 14064 | Lair:1   | Found a runed translucent gate.
 14064 | Lair:1   | Found a runed translucent gate.
 14071 | Lair:1   | Found a runed translucent gate.
 14071 | Lair:1   | Noticed emiel's ghost (journeyman TrWn)
 14772 | Lair:1   | Found a radiant altar of Vehumet.
 14775 | Lair:1   | Reached skill level 10 in Conjurations
 15236 | Lair:2   | Identified the ring of Jofruf {rElec rF++ MP+9 Str+6
                  | Stlth+} (You found it on level 9 of the Dungeon)
 15728 | Lair:2   | Identified the ring "Jefy" {Fire +Blink} (You found it on
                  | level 7 of the Dungeon)
 15976 | Lair:2   | Found a hole to the Spider Nest.
 16201 | Lair:3   | Offered knowledge of Iron Shot by Vehumet.
 16204 | Lair:3   | Noticed a four-headed hydra
 16206 | Lair:3   | Reached XP level 13. HP: 57/70 MP: 7/31
 16207 | Lair:3   | Noticed Snorg
 16228 | Lair:2   | Learned a level 6 spell: Iron Shot
 16321 | Lair:3   | Noticed Urug
 16336 | Lair:3   | Killed Urug
 16353 | Lair:3   | Reached skill level 15 in Fire Magic
 16764 | Lair:3   | Noticed Gastronok
 16772 | Lair:3   | Killed Gastronok
 16995 | Lair:3   | Identified the +10 war axe "Cohem" {elec, Will+ Str+4} (You
                  | found it on level 3 of the Lair of Beasts)
 17060 | Lair:3   | Killed Snorg
 17520 | Lair:4   | Found a staircase to the Swamp.
 18569 | Lair:5   | Noticed Rupert
 18576 | Lair:5   | Killed Rupert
 18650 | Lair:5   | Offered knowledge of Eringya's Noxious Bog by Vehumet.
 19466 | Lair:6   | Entered Level 6 of the Lair of Beasts
 19517 | Lair:6   | Reached XP level 14. HP: 61/76 MP: 17/34
 20094 | Lair:6   | Found a staircase to the Slime Pits.
 20398 | Lair:6   | Reached skill level 15 in Spellcasting
 20869 | Lair:6   | Got a crude dagger
 21367 | Orc:1    | Found a bloodstained altar of Trog.
 21617 | Orc:2    | Entered Level 2 of the Orcish Mines
 21815 | Orc:2    | Reached ****** piety under Vehumet
 21892 | Orc:2    | Offered knowledge of Starburst by Vehumet.
 21900 | Orc:2    | Learned a level 6 spell: Starburst
 21993 | Orc:2    | Found a roughly hewn altar of Beogh.
 22056 | Orc:2    | Found Xurel's Armour Boutique.
 22066 | Orc:2    | Found Ragyklel's Antique Weapon Shop.
 22344 | Orc:2    | Identified the cursed +1 dagger of the Vine {vamp, rPois}
                  | (You found it on level 6 of the Lair of Beasts)
 22507 | Orc:2    | Found a staircase to the Elven Halls.
 22771 | Orc:2    | Noticed an orc warlord
 22785 | Orc:2    | Killed an orc warlord
 23002 | Orc:2    | Found Sayx's Weapon Boutique.
 23023 | Orc:2    | Found a roughly hewn altar of Beogh.
 23062 | Orc:2    | Reached XP level 15. HP: 80/80 MP: 36/36
 23077 | Orc:2    | Found Ilebad's Weapon Shoppe.
 23139 | Orc:2    | Offered knowledge of Bolt of Magma by Vehumet.
 23146 | Orc:2    | Learned a level 5 spell: Bolt of Magma
 23653 | D:12     | Killed Azrael
 23755 | D:12     | Noticed Josephine
 23758 | D:12     | Killed Josephine
 23880 | D:12     | Noticed Maurice
 23883 | D:12     | Killed Maurice
 24992 | D:13     | Found a gate leading to a gauntlet.
 25001 | Gauntlet | Entered a Gauntlet
 25001 | Gauntlet | Found a transporter.
 25001 | Gauntlet | Found a transporter.
 25125 | Gauntlet | Found a transporter.
 25125 | Gauntlet | Found a transporter.
 25138 | Gauntlet | Found a transporter.
 25138 | Gauntlet | Found a transporter.
 25155 | Gauntlet | Found a transporter.
 25155 | Gauntlet | Found a transporter.
 25163 | Gauntlet | Found a runed translucent door.
 25164 | Gauntlet | Found a runed translucent door.
 25167 | Gauntlet | Found a runed translucent gate.
 25168 | Gauntlet | Found a transporter.
 25168 | Gauntlet | Found a transporter.
 25168 | Gauntlet | Found a runed translucent gate.
 25169 | Gauntlet | Found a runed translucent gate.
 25232 | Gauntlet | Found a transporter.
 25248 | Gauntlet | Got a jewelled cloak
 25461 | Gauntlet | Found a transporter.
 25504 | Gauntlet | Got a fine amber ring
 25809 | D:13     | Found a gate to the Vaults.
 25821 | D:13     | Identified the +0 cloak "Suecs" {rC++} (You found it in a
                  | Gauntlet)
 25854 | D:13     | Offered knowledge of Lehudib's Crystal Spear by Vehumet.
 25986 | D:13     | Found the +12 Vampire's Tooth {vamp}
 26122 | D:13     | Identified the ring of Feffaben {rElec rF+ rC+ Dex+2} (You
                  | found it in a Gauntlet)
 26819 | D:14     | Noticed Louise
 26824 | D:14     | Killed Louise
 27042 | D:15     | Entered Level 15 of the Dungeon
 27375 | D:15     | Reached skill level 10 in Dodging
 27482 | D:15     | Found a staircase to the Depths.
 27833 | D:15     | Found an iron altar of Okawaru.
 28255 | Elf:1    | Entered Level 1 of the Elven Halls
 28262 | Elf:1    | Reached XP level 16. HP: 84/84 MP: 34/38
 28912 | Elf:1    | Got a faintly glowing trident
 29173 | Elf:1    | Found an ancient bone altar of Kikubaaqudgha.
 29177 | Elf:1    | Offered knowledge of Fire Storm by Vehumet.
 29177 | Elf:1    | Offered knowledge of Shatter by Vehumet.
 29177 | Elf:1    | Offered knowledge of Ignition by Vehumet.
 29192 | Elf:1    | Learned a level 8 spell: Ignition
 29727 | Elf:1    | Identified the Volume of the Glacier and Envenoming
 30613 | Elf:2    | Identified the +8 trident "Awoif" {elec, +Rage rF++ rN+
                  | Int-2} (You found it on level 1 of the Elven Halls)
 30626 | Elf:2    | Found a runed translucent gate.
 30626 | Elf:2    | Found a runed translucent gate.
 30633 | Elf:2    | Found a runed translucent gate.
 30634 | Elf:2    | Found a runed translucent gate.
 30635 | Elf:2    | Found a runed translucent gate.
 30647 | Elf:2    | Found an opulent altar of Gozag.
 30647 | Elf:2    | Noticed Vatovie's ghost (journeyman MiBe)
 30867 | Elf:2    | Found a runed translucent gate.
 30891 | Elf:3    | Entered Level 3 of the Elven Halls
 30999 | Elf:3    | Reached skill level 15 in Conjurations
 31104 | Elf:3    | Noticed Asterion
 31230 | Elf:3    | Found Myn Fal's Gadget Shoppe.
 31242 | Elf:3    | Found Razxaug's Antique Armour Shoppe.
 31243 | Elf:3    | Found Maibbaim's Book Emporium.
 31249 | Elf:3    | Found Jyrghydyh's Magic Scroll Emporium.
 31255 | Elf:3    | Bought a scroll of identify for 30 gold pieces
 31255 | Elf:3    | Bought a scroll of enchant armour for 112 gold pieces
 31255 | Elf:3    | Bought a scroll of identify for 30 gold pieces
 31255 | Elf:3    | Bought a scroll of teleportation for 45 gold pieces
 31255 | Elf:3    | Bought a scroll of teleportation for 45 gold pieces
 31255 | Elf:3    | Bought a scroll of fog for 30 gold pieces
 31261 | Elf:3    | Bought a wand of acid (4) for 176 gold pieces
 31265 | Elf:3    | Bought an embroidered scarf for 304 gold pieces
 31265 | Elf:3    | Bought a pair of embroidered boots for 285 gold pieces
 31700 | Elf:3    | Killed Asterion
 31998 | Elf:3    | Reached XP level 17. HP: 88/88 MP: 21/40
 32309 | Elf:3    | Identified the amulet of Lebusues {Spirit rElec}
 32400 | Elf:3    | Noticed a deep elf master archer
 32402 | Elf:3    | Killed a deep elf master archer
 32406 | Elf:3    | Identified the ring "Urythrimm" {rC++ Str+9 Int+6}
 32834 | Elf:3    | Noticed a Hell Sentinel
 33088 | Elf:3    | Noticed a Brimstone Fiend
 33334 | Elf:3    | Identified the cursed +1 chain mail of Space {rCorr Dex+2}
 33341 | Elf:3    | Identified the ring "Omyxzin" {*Corrode rElec rC+ Str+4
                  | SInv}
 33345 | Elf:3    | Noticed a Hell Sentinel
 33347 | Elf:3    | Identified the +5 chain mail "Ynenk" {Dex+3}
 33347 | Elf:3    | Noticed a deep elf blademaster
 33352 | Elf:3    | Killed a deep elf blademaster
 33644 | Elf:3    | Identified the Incunabulum of Envenoming and Snow
 33646 | Elf:3    | Identified Sif Muna's Handbook of Attacks and the Entourage
 33675 | Elf:3    | Learned a level 7 spell: Orb of Destruction
 33688 | Elf:3    | Learned a level 9 spell: Fire Storm
 33910 | D:10     | Bought a smoking leather armour for 203 gold pieces
 33912 | D:10     | Identified the +3 leather armour of the Earth {+Fly rN+
                  | Int+4} (You bought it in a shop on level 10 of the Dungeon)
 33913 | D:10     | Bought a wizard robe for 165 gold pieces
 33913 | D:10     | Bought an opalescent robe for 165 gold pieces
 33915 | D:10     | Identified the +3 robe "Yfurphun" {+Blink Will+ rCorr} (You
                  | bought it in a shop on level 10 of the Dungeon)
 33916 | D:10     | Identified the +2 robe "Qoenufoj" {Int+4} (You bought it in
                  | a shop on level 10 of the Dungeon)
 34058 | Swamp:1  | Entered Level 1 of the Swamp
 34669 | Swamp:2  | Identified a scroll of acquirement
 34684 | Swamp:2  | Acquired 322 gold pieces
 34788 | Swamp:1  | Reached XP level 18. HP: 81/94 MP: 42/42
 34938 | Swamp:4  | Entered Level 4 of the Swamp
 35438 | Swamp:4  | Got a decaying rune of Zot
 35654 | Spider:1 | Entered Level 1 of the Spider Nest
 35803 | Spider:1 | Noticed Agnes
 35805 | Spider:1 | Killed Agnes
 35948 | Spider:2 | Noticed Cumifues's ghost (journeyman MiMo)
 35959 | Spider:2 | Noticed Nuqinleag's ghost (adept GrEE)
 35959 | Spider:2 | Noticed Arachne
 36076 | Spider:1 | Noticed Jorgrun
 36078 | Spider:1 | Killed Jorgrun
 36107 | Spider:1 | You fall into a shaft and drop 1 floor!
 36122 | Spider:2 | Noticed Aizul
 36125 | Spider:2 | Killed Aizul
 36435 | Spider:4 | Entered Level 4 of the Spider Nest
 36586 | Spider:2 | Found a transporter.
 36589 | Spider:2 | Found a transporter.
 36836 | Spider:4 | Reached XP level 19. HP: 98/98 MP: 26/45
 37809 | Spider:4 | Got a gossamer rune of Zot
 38028 | Slime:1  | Entered Level 1 of the Pits of Slime
 38218 | Slime:1  | Paralysed by a great orb of eyes for 5 turns
 38842 | Slime:5  | Entered Level 5 of the Pits of Slime
 38855 | Slime:5  | Noticed the Royal Jelly
 38859 | Slime:5  | Reached XP level 20. HP: 103/103 MP: 29/47
 38860 | Slime:5  | Killed the Royal Jelly
 39227 | Slime:5  | Found the +11 plutonium sword {*Contam Stlth-}
 39315 | Slime:5  | Got a slimy rune of Zot
 39336 | Slime:5  | Identified the Grimoire of the Arsonist and the Oath
 39354 | Slime:5  | Identified Dibef's Compendium of Spatial Envenoming
 39371 | Slime:5  | Identified the +6 long sword of Ible Noa {drain, rPois rN+
                  | SInv Stlth+} (You found it on level 5 of the Pits of Slime)
 39714 | Elf:3    | Bought a book of Annihilations for 1987 gold pieces
 39726 | Elf:3    | Learned a level 9 spell: Shatter
 39982 | Vaults:1 | Entered Level 1 of the Vaults
 40000 | Vaults:1 | Reached skill level 1 in Earth Magic
 40025 | Vaults:1 | Learned a level 2 spell: Sublimation of Blood
 40148 | Vaults:1 | Reached skill level 1 in Necromancy
 40516 | Vaults:3 | Reached skill level 5 in Earth Magic
 40645 | Vaults:3 | Reached skill level 5 in Necromancy
 40676 | Vaults:3 | Reached XP level 21. HP: 73/108 MP: 49/49
 40944 | Vaults:4 | Noticed Mennas
 40947 | Vaults:4 | Killed Mennas
 40955 | Vaults:4 | Noticed Xtahua
 40959 | Vaults:4 | Killed Xtahua
 40997 | Vaults:4 | Reached skill level 10 in Earth Magic
 41487 | Vaults:4 | Found Yschiblar's Antique Weapon Boutique.
 41511 | Vaults:4 | Noticed Donald
 41515 | Vaults:4 | Killed Donald
 41614 | Vaults:5 | Entered Level 5 of the Vaults
 41614 | Vaults:5 | Noticed a golden dragon
 41621 | Vaults:5 | Killed a golden dragon
 41630 | Vaults:5 | Noticed a golden dragon
 42114 | Depths:1 | Entered Level 1 of the Depths
 42239 | Depths:1 | Reached skill level 1 in Armour
 42559 | Depths:1 | Found Luihog Wire's Antique Armour Shoppe.
 42575 | Depths:1 | Found a one-way gate to the infinite horrors of the Abyss.
 42588 | Depths:1 | Reached XP level 22. HP: 80/113 MP: 50/50
 42603 | Depths:1 | Identified the cursed +0 cloak "Coci" {rF+ rCorr Int+2
                  | Stlth-} (You found it on level 1 of the Depths)
 42786 | Depths:1 | Reached skill level 5 in Fighting
 42855 | Depths:2 | Found a flickering gateway to a bazaar.
 42871 | Bazaar   | Entered a bazaar
 42871 | Bazaar   | Found Yckitzim's Antique Armour Shop.
 42871 | Bazaar   | Found Umuunk's General Store.
 42878 | Bazaar   | Bought a scroll of identify for 24 gold pieces
 42878 | Bazaar   | Bought a scroll of identify for 24 gold pieces
 42884 | Bazaar   | Found Naenky's Antique Weapon Shop.
 43123 | Depths:1 | Found a gateway to Hell.
 43187 | Depths:2 | Found Alimp's Antique Weapon Emporium.
 43492 | Depths:3 | Found Ycugra's Magic Scroll Shop.
 43504 | Depths:3 | Bought a scroll of teleportation for 45 gold pieces
 43504 | Depths:3 | Bought a scroll of amnesia for 52 gold pieces
 43504 | Depths:3 | Bought a scroll of amnesia for 52 gold pieces
 43504 | Depths:3 | Bought a scroll of summoning for 142 gold pieces
 43626 | Depths:3 | Reached skill level 10 in Evocations
 43748 | Depths:4 | Reached skill level 15 in Earth Magic
 44068 | Depths:4 | Noticed Saint Roka
 44073 | Depths:4 | Killed Saint Roka
 44251 | Depths:4 | Found a one-way gate leading to the halls of Pandemonium.
 44282 | Depths:4 | Identified the +4 long sword "Transmigrator" {pain, rC+
                  | Will+++ Dex-4 SInv} (You found it on level 4 of the Depths)
 44339 | Depths:5 | Entered Level 5 of the Depths
 44371 | Depths:5 | Reached XP level 23. HP: 52/121 MP: 52/52
 44710 | Depths:5 | Found a gate to the Realm of Zot.
 44742 | Depths:5 | Found a gateway to a ziggurat.
 44802 | Zig:1    | Entered Level 1 of a ziggurat
 44825 | Zig:2    | Entered Level 2 of a ziggurat
 44857 | Zig:3    | Entered Level 3 of a ziggurat
 44860 | Zig:3    | Noticed Goh Ecw the pandemonium lord
 44863 | Zig:3    | Killed Goh Ecw the pandemonium lord
 44888 | Zig:4    | Entered Level 4 of a ziggurat
 44931 | Zig:4    | Identified A Thorough Guide to Spellcasting
 44938 | Zig:5    | Entered Level 5 of a ziggurat
 44955 | Zig:5    | Got a clouded pewter amulet
 44983 | Zig:6    | Entered Level 6 of a ziggurat
 44993 | Zig:6    | Noticed Zuhajure the pandemonium lord
 44994 | Zig:6    | Killed Zuhajure the pandemonium lord
 45020 | Zig:7    | Entered Level 7 of a ziggurat
 45045 | Zig:7    | Identified the Tome of Entrancing Air
 45219 | Zig:8    | Entered Level 8 of a ziggurat
 45246 | Zig:8    | Got a coiled ivory ring
 45252 | Zig:9    | Entered Level 9 of a ziggurat
 45264 | Zig:9    | Found the +3 hat of Pondering {ponderous, Will+ MP+10
                  | Int+5}
 45277 | Zig:9    | Identified The Lost Secrets of Hermeneutics
 45287 | Zig:9    | Identified the ring "Hipp" {Fire +Inv rElec rPois Dex-2
                  | Stlth+} (You found it on level 8 of a ziggurat)
 45288 | Zig:9    | Identified the amulet "Wuiptisidd" {RegenMP rN+ Str-2 Dex+9
                  | Slay-6} (You found it on level 5 of a ziggurat)
 45306 | Zig:9    | Identified the cursed +0 spear "Qucoq" {vorpal, Int+4} (You
                  | found it on level 9 of a ziggurat)
 45308 | Zig:9    | Got a scorched glass ring
 45309 | Zig:9    | Identified the ring of Etukuan {Str+6 Int+6 Dex-2} (You
                  | found it on level 9 of a ziggurat)
 45319 | Zig:10   | Entered Level 10 of a ziggurat
 45354 | Zig:10   | Reached XP level 24. HP: 128/128 MP: 53/53
 45361 | Zig:10   | Identified the +1 morningstar of Karma {vorpal, rElec Will+
                  | Dex+5 Stlth-} (You found it on level 10 of a ziggurat)
 45368 | Zig:11   | Entered Level 11 of a ziggurat
 45380 | Zig:11   | Reached XP level 25. HP: 134/134 MP: 53/53
 45399 | Zig:11   | Identified the amulet "Ughana Ycuit" {rN+ Regen+ MP+9
                  | Dex-3} (You found it on level 11 of a ziggurat)
 45424 | Zig:12   | Entered Level 12 of a ziggurat
 45434 | Zig:12   | Reached skill level 1 in Ice Magic
 45467 | Zig:12   | Acquired a +1 pair of gloves of strength
 45486 | Zig:12   | Identified the ring "Tisagy" {EV+4 Dex+3 SInv} (You found
                  | it on level 12 of a ziggurat)
 45495 | Zig:13   | Entered Level 13 of a ziggurat
 45527 | Zig:13   | Identified the ring of Midwinter {rElec Dex+4 SInv} (You
                  | found it on level 13 of a ziggurat)
 45533 | Zig:13   | Identified the +2 robe "Zubryop" {Stlth+} (You found it on
                  | level 13 of a ziggurat)
 45568 | Zig:14   | Entered Level 14 of a ziggurat
 45577 | Zig:14   | Noticed a royal mummy
 45578 | Zig:14   | Noticed a royal mummy
 45578 | Zig:14   | Noticed a royal mummy
 45579 | Zig:14   | Noticed a royal mummy
 45581 | Zig:14   | Killed a royal mummy
 45582 | Zig:14   | Reached skill level 5 in Stealth
 45582 | Zig:14   | Reached skill level 5 in Ice Magic
 45582 | Zig:14   | Killed a royal mummy
 45583 | Zig:14   | Killed a royal mummy
 45584 | Zig:14   | Killed a royal mummy
 45585 | Zig:14   | Reached skill level 10 in Necromancy
 45587 | Zig:14   | Noticed a royal mummy
 45588 | Zig:14   | Killed a royal mummy
 45604 | Zig:14   | Found the +4 skin of Zhor {Englaciate rC+++ SInv}
 45645 | Zig:14   | Identified the Catalogue of Enthralling Battle Magic
 45675 | Zig:14   | Reached XP level 26. HP: 141/142 MP: 53/53
 45685 | Zig:14   | Learned a level 8 spell: Necromutation
 45697 | Zig:14   | Learned a level 9 spell: Death's Door
 45708 | Zig:14   | Learned a level 9 spell: Absolute Zero
 45709 | Zig:15   | Entered Level 15 of a ziggurat
 45721 | Zig:15   | Reached skill level 1 in Transmutations
 45725 | Zig:15   | Found the +3 crown of Dyrovepreva {rElec Int+2 SInv}
 45731 | Zig:15   | Found the macabre finger necklace {rN+}
 45798 | Zig:16   | Entered Level 16 of a ziggurat
 45878 | Zig:17   | Entered Level 17 of a ziggurat
 45887 | Zig:17   | Reached skill level 10 in Ice Magic
 45889 | Zig:17   | Reached XP level 27. HP: 146/146 MP: 53/53
 45893 | Zig:17   | Reached skill level 5 in Transmutations
 45894 | Zig:17   | Noticed Efeda the pandemonium lord
 45897 | Zig:17   | Killed Efeda the pandemonium lord
 45979 | Zig:18   | Entered Level 18 of a ziggurat
 46001 | Zig:18   | Reached skill level 15 in Necromancy
 46004 | Zig:18   | Noticed an ancient lich
 46005 | Zig:18   | Killed an ancient lich
 46013 | Zig:18   | Found the +7 captain's cutlass {speed, disarm}
 46038 | Zig:18   | Identified the Papyrus of Ice
 46052 | Zig:19   | Entered Level 19 of a ziggurat
 46095 | Zig:19   | Got a brightly glowing marble ring
 46099 | Zig:19   | Identified the Grimoire of Unholy Enchantment
 46110 | Zig:19   | Identified the Catalogue of Contamination and Calling
 46122 | Zig:19   | Identified the cursed +1 dagger of False Accusations
                  | {venom, Dex+2} (You found it on level 19 of a ziggurat)
 46129 | Zig:20   | Entered Level 20 of a ziggurat
 46200 | Zig:20   | Identified Sif Muna's Catalogue of Unholy Stones
 46203 | Zig:20   | Identified the +2 leather armour "Efaci" {Str+3} (You found
                  | it on level 20 of a ziggurat)
 46206 | Zig:20   | Identified the Grimoire of the Rocks and Weightlessness
 46222 | Zig:20   | Identified the amulet of Telu {rPois rF- Will+ Regen+
                  | Str+4} (You found it on level 20 of a ziggurat)
 46351 | Zig:21   | Entered Level 21 of a ziggurat
 46371 | Zig:21   | Reached skill level 10 in Transmutations
 46426 | Zig:21   | Identified the Guide on Viperous Orientation
 46516 | Zig:22   | Entered Level 22 of a ziggurat
 46555 | Zig:22   | Found the +6 lightning scales {run, rElec}
 46557 | Zig:22   | Found the +4 Cigotuvi's embrace {rMiasma *Drain rN+}
 46558 | Zig:22   | Found the amulet of the Air {Inacc +Fly rElec EV+5 RMsl}
 46608 | Zig:23   | Entered Level 23 of a ziggurat
 46629 | Zig:23   | Reached skill level 15 in Evocations
 46652 | Zig:23   | Identified the Papyrus of Dislocation
 46668 | Zig:23   | Identified the Tome of Vitriolic Flames
 46682 | Zig:23   | Got a pair of bloodstained boots
 46693 | Zig:23   | Identified the +0 pair of boots of Taoxtyb {rN++} (You
                  | found it on level 23 of a ziggurat)
 47042 | Zig:24   | Entered Level 24 of a ziggurat
 47052 | Zig:24   | Noticed Wifrarr the pandemonium lord
 47052 | Zig:24   | Noticed Soaxixu the pandemonium lord
 47054 | Zig:24   | Noticed Tecziuni the pandemonium lord
 47059 | Zig:24   | Killed Tecziuni the pandemonium lord
 47060 | Zig:24   | Killed Wifrarr the pandemonium lord
 47060 | Zig:24   | Killed Soaxixu the pandemonium lord
 47065 | Zig:24   | Noticed Naliblat the pandemonium lord
 47066 | Zig:24   | Noticed Kasyj the pandemonium lord
 47066 | Zig:24   | Noticed Esewus the pandemonium lord
 47067 | Zig:24   | Noticed Gafeq the pandemonium lord
 47068 | Zig:24   | Killed Naliblat the pandemonium lord
 47072 | Zig:24   | Noticed Ulesulyd the pandemonium lord
 47072 | Zig:24   | Noticed Qaus the pandemonium lord
 47073 | Zig:24   | Killed Kasyj the pandemonium lord
 47073 | Zig:24   | Killed Ulesulyd the pandemonium lord
 47073 | Zig:24   | Noticed Rophie the pandemonium lord
 47073 | Zig:24   | Noticed Tyats the pandemonium lord
 47074 | Zig:24   | Reached skill level 15 in Dodging
 47074 | Zig:24   | Noticed Suploa the pandemonium lord
 47075 | Zig:24   | Noticed Vofor the pandemonium lord
 47076 | Zig:24   | Noticed Panux the pandemonium lord
 47077 | Zig:24   | Noticed Degh the pandemonium lord
 47077 | Zig:24   | Killed Esewus the pandemonium lord
 47078 | Zig:24   | Killed Panux the pandemonium lord
 47080 | Zig:24   | Killed Rophie the pandemonium lord
 47081 | Zig:24   | Killed Tyats the pandemonium lord
 47082 | Zig:24   | Reached skill level 15 in Ice Magic
 47082 | Zig:24   | Killed Gafeq the pandemonium lord
 47083 | Zig:24   | Killed Vofor the pandemonium lord
 47084 | Zig:24   | Killed Suploa the pandemonium lord
 47085 | Zig:24   | Killed Degh the pandemonium lord
 47088 | Zig:24   | Killed Qaus the pandemonium lord
 47453 | Zig:24   | Found the +3 warlock's mirror {reflect}
 47457 | Zig:24   | Identified Pusketa's Handbook of Weightlessness
 47489 | Zig:24   | Identified Sif Muna's Papyrus of Enchanting Changing
 47504 | Zig:25   | Entered Level 25 of a ziggurat
 47513 | Zig:25   | Reached skill level 27 in Spellcasting
 47556 | Zig:25   | Identified the +2 buckler "Jeovetz" {rF+ Int-3 Dex+7} (You
                  | found it on level 25 of a ziggurat)
 47561 | Zig:25   | Identified Onuiguis's Disquisition on the Supportive Oath
 47566 | Zig:25   | Got a translucent tin ring
 47574 | Zig:25   | Identified the cursed ring of the Saviour {rPois rF+ EV-4}
                  | (You found it on level 25 of a ziggurat)
 47583 | Zig:26   | Entered Level 26 of a ziggurat
 47593 | Zig:26   | Noticed a royal mummy
 47594 | Zig:26   | Noticed a royal mummy
 47594 | Zig:26   | Noticed a royal mummy
 47598 | Zig:26   | Killed a royal mummy
 47598 | Zig:26   | Noticed a royal mummy
 47598 | Zig:26   | Noticed a royal mummy
 47598 | Zig:26   | Noticed a royal mummy
 47599 | Zig:26   | Noticed a royal mummy
 47599 | Zig:26   | Noticed a royal mummy
 47600 | Zig:26   | Noticed a royal mummy
 47601 | Zig:26   | Reached skill level 10 in Fighting
 47601 | Zig:26   | Killed a royal mummy
 47601 | Zig:26   | Killed a royal mummy
 47601 | Zig:26   | Killed a royal mummy
 47601 | Zig:26   | Killed a royal mummy
 47601 | Zig:26   | Noticed a royal mummy
 47601 | Zig:26   | Noticed a royal mummy
 47602 | Zig:26   | Killed a royal mummy
 47603 | Zig:26   | Killed a royal mummy
 47604 | Zig:26   | Killed a royal mummy
 47604 | Zig:26   | Killed a royal mummy
 47604 | Zig:26   | Killed a royal mummy
 47605 | Zig:26   | Killed a royal mummy
 47606 | Zig:26   | Noticed a royal mummy
 47608 | Zig:26   | Noticed a royal mummy
 47610 | Zig:26   | Killed a royal mummy
 47611 | Zig:26   | Killed a royal mummy
 47614 | Zig:26   | Noticed a royal mummy
 47616 | Zig:26   | Killed a royal mummy
 47626 | Zig:26   | Found the +6 Majin-Bo {vamp, MP+6 Int+6}
 47628 | Zig:26   | Found the +7 great mace "Undeadhunter" {disrupt, rN+}
 47689 | Zig:26   | Got a steaming diamond amulet
 47858 | Zig:26   | Learned a level 9 spell: Tornado
 47859 | Zig:27   | Entered Level 27 of a ziggurat
 47870 | Zig:27   | Reached skill level 1 in Air Magic
 47873 | Zig:27   | Noticed an ancient lich
 47875 | Zig:27   | Killed an ancient lich
 47878 | Zig:27   | Noticed an ancient lich
 47882 | Zig:27   | Killed an ancient lich
 47884 | Zig:27   | Reached skill level 5 in Air Magic
 47884 | Zig:27   | Noticed an ancient lich
 47885 | Zig:27   | Killed an ancient lich
 47887 | Zig:27   | Killed an ancient lich
 47889 | Zig:27   | Killed an ancient lich
 47903 | Zig:27   | Found the +18 shield of the Gong {rElec rN+ Will+ EV-5}
 47909 | Zig:27   | Acquired 1266 gold pieces
 47933 | Zig:27   | Identified the Incunabulum of the Gliding Snowflakes
 47971 | Zig:27   | Got a brightly glowing steel amulet
 47974 | Zig:27   | Identified the ring "Tuguvvec" {rElec rC+ Dex+2} (You found
                  | it on level 19 of a ziggurat)
 47985 | Zig:27   | Identified the amulet "Corhidis" {RegenMP +Blink rPois}
                  | (You found it on level 27 of a ziggurat)
 47995 | Zig:27   | Identified the amulet "Qarupiy" {Acrobat rElec Str+3} (You
                  | found it on level 26 of a ziggurat)
 48025 | Zig:1    | Entered Level 1 of a ziggurat
 48080 | Zig:2    | Entered Level 2 of a ziggurat
 48096 | Zig:3    | Entered Level 3 of a ziggurat
 48099 | Zig:3    | Reached skill level 10 in Air Magic
 48113 | Zig:4    | Entered Level 4 of a ziggurat
 48128 | Zig:4    | Got a steaming amber ring
 48136 | Zig:5    | Entered Level 5 of a ziggurat
 48151 | Zig:5    | Identified the Handbook of Cloudy Stones
 48158 | Zig:5    | Gained mutation: You tend to lose your temper in combat.
                  | [potion of mutation]
 48158 | Zig:5    | Gained mutation: You have a pair of small antennae on your
                  | head. [potion of mutation]
 48159 | Zig:5    | Lost mutation: You tend to lose your temper in combat.
                  | [potion of mutation]
 48159 | Zig:5    | Lost mutation: You have a pair of small antennae on your
                  | head. [potion of mutation]
 48159 | Zig:5    | Gained mutation: Your magical capacity is low. (-10% MP)
                  | [potion of mutation]
 48159 | Zig:5    | Gained mutation: You have sharp toenails. [potion of
                  | mutation]
 48160 | Zig:5    | Lost mutation: Your magical capacity is low. (-10% MP)
                  | [potion of mutation]
 48160 | Zig:5    | Lost mutation: You have sharp toenails. [potion of
                  | mutation]
 48160 | Zig:5    | Gained mutation: Your magical capacity is low. (-10% MP)
                  | [potion of mutation]
 48160 | Zig:5    | Gained mutation: You have large cloven feet. [potion of
                  | mutation]
 48160 | Zig:5    | Gained mutation: You are partially covered in large bone
                  | plates. (SH +4) [potion of mutation]
 48161 | Zig:5    | Lost mutation: Your magical capacity is low. (-10% MP)
                  | [potion of mutation]
 48161 | Zig:5    | Lost mutation: You have large cloven feet. [potion of
                  | mutation]
 48161 | Zig:5    | Gained mutation: Your skin changes colour to match your
                  | surroundings (Stealth+). [potion of mutation]
 48161 | Zig:5    | Gained mutation: Your flesh is heat resistant. (rF+)
                  | [potion of mutation]
 48161 | Zig:5    | Gained mutation: Your muscles are strong. (Str +2) [potion
                  | of mutation]
 48163 | Zig:6    | Entered Level 6 of a ziggurat
 48185 | Zig:6    | Identified the Volume of Envenoming and Shape Shifting
 48200 | Zig:7    | Entered Level 7 of a ziggurat
 48237 | Zig:7    | Reached skill level 5 in Shields
 48240 | Zig:8    | Entered Level 8 of a ziggurat
 48265 | Zig:8    | Identified Fimac's Incunabulum of Battle Magic
 48288 | Zig:9    | Entered Level 9 of a ziggurat
 48301 | Zig:9    | Found the amulet of Vitality {Regen+ HP+15}
 48332 | Zig:10   | Entered Level 10 of a ziggurat
 48343 | Zig:10   | Noticed Ecluvvys the pandemonium lord
 48345 | Zig:10   | Killed Ecluvvys the pandemonium lord
 48347 | Zig:10   | Noticed Jeateipy the pandemonium lord
 48348 | Zig:10   | Found the +5 demon whip "Spellbinder" {antimagic, Will+}
 48350 | Zig:10   | Killed Jeateipy the pandemonium lord
 48368 | Zig:10   | Identified the Papyrus of the Thirsty Teeth
 48371 | Zig:10   | Reached skill level 10 in Shields
 48604 | Zig:11   | Entered Level 11 of a ziggurat
 48617 | Zig:11   | Reached skill level 15 in Air Magic
 48626 | Zig:11   | Found the +7 Kryia's mail coat {PotionHeal*2 rC+}
 48646 | Zig:11   | Identified the ring "Fycaz" {+Fly Int+3} (You found it on
                  | level 11 of a ziggurat)
 48671 | Zig:12   | Entered Level 12 of a ziggurat
 48718 | Zig:12   | Got a clouded pewter ring
 48721 | Zig:12   | Identified the Reference Book on the Rocks and Envenoming
 48725 | Zig:12   | Identified the Reference Book on Transformation and the
                  | Glacier
 48736 | Zig:12   | Identified the ring of the Butterfly {Str+6 Dex+8 Slay+3
                  | Stlth-} (You found it on level 4 of a ziggurat)
 48737 | Zig:12   | Identified the ring of Deskig {rElec rF+ rC+ Int-4} (You
                  | found it on level 12 of a ziggurat)
 48856 | Zig:13   | Entered Level 13 of a ziggurat
 48914 | Zig:13   | Identified the Compendium of Vitriolic Battle Magic
 48929 | Zig:14   | Entered Level 14 of a ziggurat
 48970 | Zig:14   | Identified the Disquisition on Transmigration and Darkness
 48973 | Zig:14   | Identified the -3 helmet of Proximity {-Tele Dex+7 Slay+5}
                  | (You found it on level 14 of a ziggurat)
 48985 | Zig:14   | Identified the ring of Life {rPois Dex+5 Stlth-} (You found
                  | it on level 14 of a ziggurat)
 48992 | Zig:14   | Identified the ring "Jacaady" {Str+7 Stlth-} (You found it
                  | on level 14 of a ziggurat)
 49003 | Zig:14   | Identified the Disquisition on Hexes and Orientation
 49010 | Zig:15   | Entered Level 15 of a ziggurat
 49026 | Zig:15   | Noticed an ancient lich
 49027 | Zig:15   | Noticed an ancient lich
 49028 | Zig:15   | Killed an ancient lich
 49030 | Zig:15   | Killed an ancient lich
 49059 | Zig:15   | Identified the amulet of Starshine {Reflect rC- Str+4 SH+5}
                  | (You found it on level 15 of a ziggurat)
 49086 | Zig:16   | Entered Level 16 of a ziggurat
 49158 | Zig:16   | Identified the Tome of Translocation
 49163 | Zig:16   | Identified the +0 pair of boots of Fashionability {Dex+6}
                  | (You found it on level 16 of a ziggurat)
 49180 | Zig:17   | Entered Level 17 of a ziggurat
 49201 | Zig:17   | Reached skill level 27 in Fire Magic
 49232 | Zig:17   | Identified Zekyutue's Arcane Secrets of Thaumaturgy
 49256 | Zig:18   | Entered Level 18 of a ziggurat
 49270 | Zig:18   | Noticed a royal mummy
 49272 | Zig:18   | Noticed a royal mummy
 49273 | Zig:18   | Noticed a royal mummy
 49274 | Zig:18   | Killed a royal mummy
 49274 | Zig:18   | Noticed a royal mummy
 49274 | Zig:18   | Noticed a royal mummy
 49274 | Zig:18   | Noticed a royal mummy
 49275 | Zig:18   | Killed a royal mummy
 49276 | Zig:18   | Killed a royal mummy
 49276 | Zig:18   | Killed a royal mummy
 49277 | Zig:18   | Killed a royal mummy
 49277 | Zig:18   | Killed a royal mummy
 49281 | Zig:18   | Noticed a royal mummy
 49282 | Zig:18   | Noticed a royal mummy
 49283 | Zig:18   | Killed a royal mummy
 49284 | Zig:18   | Killed a royal mummy
 49286 | Zig:18   | Noticed a royal mummy
 49290 | Zig:18   | Killed a royal mummy
 49330 | Zig:18   | Identified the Tome of Cankerous Enchantment
 49340 | Zig:18   | Identified the +0 leather armour "Nomnej" {Int+4} (You
                  | found it on level 18 of a ziggurat)
 49361 | Zig:19   | Entered Level 19 of a ziggurat
 49379 | Zig:19   | Noticed an ancient lich
 49380 | Zig:19   | Killed an ancient lich
 49380 | Zig:19   | Noticed an ancient lich
 49384 | Zig:19   | Killed an ancient lich
 49384 | Zig:19   | Noticed an ancient lich
 49384 | Zig:19   | Blown up by an ancient lich

Illustrated notes

Levels and vault maps discovered:
D:1:      minmay_arrival_checkered_box, layout_loops_corners,
          minmay_small_reverse_x
D:2:      layout_basic, lemuel_coloured_pillars_altar
D:3:      layout_loops_ring, fedhas_altar_3
D:4:      layout_basic, serial_shops, nicolae_shop_window_shopping,
          minmay_misc_feat_secret_circle, grunt_decor_fettered,
          nicolae_ru_great_annihilating_truth
D:5:      layout_loops_ring, nicolae_overflow_crystal_walls, temple_pool_b
D:6:      layout_basic, grunt_temple_overflow_forces_of_nature,
          portal_sewer_entry_b, uniq_sigmund, uniq_crazy_yiuf_cottage
D:7:      layout_rooms, eat_drink_and_be_merry_uskayaw, enter_bailey_4,
          grunt_decor_arrowhead, lemuel_tele_altar, uniq_menkaure, uniq_duvessa
D:8:      layout_rooms, amethyst_overflow_temple_binary, kennysheep_little_box,
          uniq_maggie, uniq_erica
D:9:      layout_big_octagon, minitemple, lair_entry_dummy, david_orc_2,
          serial_column_ruins, column_ruins_square_medium, column_ruins_grid_2,
          column_ruins_columns_corner, column_ruins_open_small,
          column_ruins_columns_dead_end, column_ruins_open_small,
          gammafunk_ghost_nasty_kobolds, kennysheep_dice, uniq_pikel
D:10:     layout_irregular_city, serial_shops, kennysheep_mini, shop
D:11:     layout_loops_ring, minivault_10, uniq_psyche
D:12:     layout_basic, uniq_maurice, uniq_kirke, uniq_fannar, uniq_josephine,
          uniq_azrael
D:13:     layout_cave_pools, david_vaults_1, gauntlet_entry_generic,
          minmay_guarded_unrand_vampires_tooth
D:14:     layout_gridville, hangedman_abyss_or_decor_passed, uniq_louise
D:15:     hangedman_depths_entry_try_elsewhere_first, layout_rooms,
          lemuel_doored_altar
Lair:1:   layout_layer_cave, gammafunk_ghost_necromancy, lemuel_centaur_altar,
          lemuel_fruit_tree, infiniplex_staircase_pool, serial_bayou_shore_b,
          serial_bayou_shore_b, serial_bayou_shore_b
Lair:2:   layout_regular_city, nicolae_spider_entry_non_spiders,
          eino_house_with_fridge
Lair:3:   layout_misc_corridors, beast_lair_carwin_1, uniq_snorg,
          uniq_gastronok, uniq_urug
Lair:4:   layout_small_grid, swamp_mist_pool
Lair:5:   layout_roguey, serial_rivers, chequers_serial_rivers_room_a,
          chequers_serial_rivers_micro_e, chequers_serial_rivers_large_a,
          chequers_serial_rivers_large_b, chequers_serial_rivers_micro_d,
          chequers_serial_rivers_marsh, beast_lair_carwin_8, uniq_rupert
Lair:6:   grunt_lair_end_beastmaster, layout_regular_city,
          nicolae_slime_entry_slimehenge, chequers_serial_rivers_room_a,
          st_stairs_8, pond, infiniplex_staircase_pool_2, grunt_megastairs_1
Swamp:1:  layout_basic_swamp, evilmike_swamp_ruin_house_5
Swamp:2:  layout_basic_swamp, evilmike_swamp_ruin_rubble_2
Swamp:3:  layout_basic_swamp, serial_swamp_ruin, evilmike_swamp_ruin_house_2,
          hangedman_swamp_ruin_wall, evilmike_swamp_ruin_house_1, swamp_pool1,
          uniq_roxanne
Swamp:4:  swamp_icy, layout_basic_swamp, swamp_pool3
Spider:1: nicolae_spider_hall_of_the_moth_king, uniq_jorgrun, uniq_agnes
Spider:2: layout_chambers, nzn_ghost_randoct, uniq_aizul
Spider:3: layout_spider_delve
Spider:4: spider_rune_water
Slime:1:  layout_caves
Slime:2:  layout_caves
Slime:3:  layout_caves
Slime:4:  nicolae_slime_jelly_donut, layout_caves, basic_altar
Slime:5
Orc:1:    layout_caves, trog_butcher_becter
Orc:2:    pubby_orc_utopia
Elf:1:    elf_arrival_001, layout_gridlike, basic_altar,
          kennysheep_underground_church
Elf:2:    layout_rooms, ebering_ghost_gozag, dk_noncrumbling_3
Elf:3:    minmay_elf_hall_golems, layout_geoelf_diagonals, minmay_shoptagon,
          uniq_asterion
Vaults:1: st_eye, v_misc_29, vaults_mumra_chevron,
          vaults_room_grunt_arrival_ludios, vaults_standard_mumra_x,
          ontoclasm_vaults_tryst, nicolae_vaults_ninety_degrees, v_misc_11,
          ontoclasm_vaults_ligature, vaults_mumra_lcd, layout_vaults_big_room,
          basic_altar, serial_shops, nicolae_shop_trees
Vaults:2: v_misc_26, hangedman_vaults_trim, v_misc_17, nicolae_vaults_alarming,
          v_misc_25, nicolae_vaults_know_your_exits, v_alt_pattern_5, v_misc_1,
          v_misc_2, minmay_crypt_entry_nasty_monster,
          nicolae_vaults_little_squares_5, v_alt_pattern_1,
          nicolae_vaults_circle_grid_a, vaults_room_fancy_cross,
          layout_vaults_omnibox, uniq_jory, uniq_margery
Vaults:3: vaults_mumra_chevron_long, v_misc_13, st_cells, vaults_mumra_hex,
          vaults_room_grid, dpeg_vaults_monster_box, vaults_dpeg_hooks,
          hangedman_vaults_restitches, v_alt_pattern_1,
          hangedman_vaults_capsules, nicolae_vaults_little_squares_5,
          vaults_room_ringed_pool, layout_vaults_omnigrid
Vaults:4: ontoclasm_vaults_chip, v_misc_2, v_misc_30,
          hangedman_vaults_corner_blocks, v_misc_4,
          nicolae_vaults_circle_grid_a, v_misc_13, hangedman_vaults_nails,
          vaults_room_semicircle, serial_ice_h, v_misc_30, v_misc_13,
          nicolae_vaults_angled_halls, nicolae_vaults_little_squares_2,
          layout_vaults_omnicross, serial_shops, shop, uniq_mennas, uniq_xtahua,
          uniq_donald
Vaults:5
Depths:1: layout_forbidden_donut, nicolae_abyss_entry_one_way_or_another,
          serial_shops, shop, hellmouth_1, kennysheep_generic_room_7
Depths:2: minmay_tearing_corner, layout_cave_pools, serial_shops,
          bzr_entry_gold, nicolae_shop_waterfront, shop, abyss_entry,
          kennysheep_cluttered_room, nicolae_trove_entry_columns,
          grunt_pan_entry_in_and_out, hell_entry
Depths:3: thingy_vault, layout_cave_shapes, abyss_entry, hangedman_geh_valley,
          rand_demon_pan_entry_7, serial_shops, shop_statue, patterned_corridor,
          grunt_megastairs_5
Depths:4: lemuel_flame_loot_2, layout_cave_shapes, abyss_entry,
          grunt_hell_horde, corexii_hall_statues_l, pan_entry,
          lemuel_statue_altar, uniq_saint_roka
Depths:5: evilmike_zot_entry_argh, layout_cave_shapes, enter_ziggurat_e,
          abyss_entry, hell_entry, serial_bayou_shore_a
Zig:19

Skill      XL: |  1  2  3  4  5  6  7  8  9 10 11 12 13 14 15 16 17 18 19 20 21 22 23 24 25 26 27 |
---------------+----------------------------------------------------------------------------------+-----
Fire Magic     | 4 5 6 7 9 10 11 13 14 16 18 19 20 21 23 24 25 27 | 27.0
Conjurations   | 2 3 4 5 7 8 9 10 12 13 14 15 16 17 18 19 23 | 23.0
Spellcasting   | 4 5 6 7 8 10 11 12 14 15 16 17 18 20 21 22 23 24 27 | 27.0
Stealth        | 3 6 |  6.0
Evocations     | 2 3 4 6 8 10 11 12 18 | 18.0
Fighting       | 2 4 6 7 8 10 | 10.0
Dodging        | 3 4 6 7 8 10 12 21 | 21.0
Shields        | 2 4 12 | 12.4
Earth Magic    | 5 13 15 18 19 20 | 20.0
Necromancy     | 6 8 10 12 22 | 22.0
Armour         | 1 2 |  2.0
Ice Magic      | 7 10 20 | 20.0
Transmutations | 4 12 | 12.0
Air Magic      | 20 | 20.0

Action                   |  1- 3 |  4- 6 |  7- 9 | 10-12 | 13-15 | 16-18 | 19-21 | 22-24 | 25-27 || total
-------------------------+-------+-------+-------+-------+-------+-------+-------+-------+-------++-------
Melee: Unarmed           |     2 |       |       |       |       |       |       |       |       ||     2
       Staff             |       |     4 |       |     2 |     5 |       |     1 |     1 |     1 ||    14
       Dagger            |       |       |       |       |       |     2 |       |       |       ||     2
 Cast: Foxfire           |   129 |   210 |   355 |   468 |   212 |    11 |     5 |       |       ||  1390
       Sticky Flame      |       |     1 |     5 |    34 |    20 |     4 |     5 |       |       ||    69
       Shock             |       |       |    28 |    12 |     4 |       |       |       |       ||    44
       Conjure Flame     |       |       |     6 |     1 |     5 |       |       |       |       ||    12
       Fireball          |       |       |    25 |   111 |   452 |   276 |    13 |       |       ||   877
       Iskenderun's Myst |       |       |     2 |     2 |    12 |    12 |    23 |     4 |     4 ||    59
       Blink             |       |       |       |       |     2 |     5 |     2 |       |     4 ||    13
       Bolt of Magma     |       |       |       |       |     7 |     4 |       |       |       ||    11
       Starburst         |       |       |       |       |     6 |     1 |     2 |       |     1 ||    10
       Iron Shot         |       |       |       |       |     4 |    50 |     1 |     6 |       ||    61
       Ignition          |       |       |       |       |       |    32 |    14 |     3 |     7 ||    56
       Fire Storm        |       |       |       |       |       |    74 |   239 |   194 |   393 ||   900
       Orb of Destructio |       |       |       |       |       |     2 |       |     1 |       ||     3
       Sublimation of Bl |       |       |       |       |       |       |     5 |     6 |     2 ||    13
       Shatter           |       |       |       |       |       |       |       |     2 |    17 ||    19
       Necromutation     |       |       |       |       |       |       |       |       |     2 ||     2
       Death's Door      |       |       |       |       |       |       |       |       |     2 ||     2
       Absolute Zero     |       |       |       |       |       |       |       |       |     2 ||     2
 Abil: Evoke Flight      |       |       |       |       |       |     1 |       |       |       ||     1
       End Transformatio |       |       |       |       |       |       |       |       |     2 ||     2
Evoke: Wand              |       |       |     1 |     1 |     5 |     8 |     5 |       |       ||    20
       Lightning rod     |       |       |       |       |     1 |     1 |     3 |       |       ||     5
       Figurine of a zig |       |       |       |       |       |       |       |       |     1 ||     1
  Use: Scroll            |       |       |    12 |     8 |    23 |    16 |     3 |     9 |    28 ||    99
       Potion            |       |       |     1 |       |     1 |     1 |     3 |     1 |    24 ||    31
 Stab: Sleeping          |     1 |       |       |       |       |       |       |       |       ||     1
Armor: Robe              |     2 |     6 |     7 |    19 |    13 |     7 |    12 |       |    11 ||    77
       Skin              |       |       |       |       |       |       |       |       |     1 ||     1
Dodge: Dodged            |    18 |    20 |    45 |    70 |    51 |    45 |    41 |     5 |    57 ||   352
Block: Other             |     1 |       |       |     2 |       |       |       |       |       ||     3
       Reflection        |       |       |       |     1 |       |     1 |       |       |       ||     2
       Buckler           |       |       |       |    16 |    29 |    20 |    16 |     5 |    25 ||   111
